 Dungeon Crawl Stone Soup version 0.23.0 (webtiles) character file.

Game seed: 7096177357180912921

395 Peloso the Skirmisher (level 6, -10/56 HPs)
             Began as a Minotaur Fighter on Feb 9, 2019.
             Mangled by an ogre
             ... wielding a +0 giant club
              (22 damage)
             ... on level 4 of the Dungeon.
             The game lasted 00:05:03 (3504 turns).

Peloso the Skirmisher (Minotaur Fighter)            Turns: 3504, Time: 00:05:04

Health: -10/56     AC:  9    Str: 21    XL:     6   Next: 52%
Magic:  5/5        EV:  6    Int:  5    God:
Gold:   215        SH: 10    Dex: 11    Spells: 5/5 levels left

rFire    . . .     SeeInvis .   a - +0 long sword
rCold    . . .     Gourm    .   c - +0 shield
rNeg     + . .     Faith    .   g - +0 chain mail
rPois    .         Spirit   .   (helmet restricted)
rElec    .         Reflect  .   (no cloak)
rCorr    .         Harm     .   (no gloves)
MR       .....                  (no boots)
Stlth    ..........             (no amulet)
HPRegen  0.18/turn              s - ring of positive energy
MPRegen  0.09/turn              (no ring)

@: no status effects
A: retaliatory headbutt, horns 2
a: no special abilities


You were on level 4 of the Dungeon.
You were not hungry.

You visited 1 branch of the dungeon, and saw 4 of its levels.

You collected 215 gold pieces.

Inventory:

Hand Weapons
 a - a +0 long sword (weapon)
Armour
 b - a +0 scale mail
 c - a +0 shield (worn)
 g - a +0 chain mail (worn)
Jewellery
 s - a ring of positive energy (left hand)
 t - an uncursed amulet of rage
Wands
 v - a wand of enslavement (5)
Scrolls
 e - a scroll of fear {unknown}
 i - 4 scrolls of magic mapping {unknown}
 l - a scroll of fog {unknown}
 n - 3 scrolls of identify {unknown}
 p - a scroll of enchant armour {unknown}
 q - 2 scrolls of amnesia {unknown}
 r - a scroll of remove curse {unknown}
 u - 2 scrolls of random uselessness {unknown}
Potions
 d - a potion of might
 h - 2 potions of flight {unknown}
 j - a potion of resistance {unknown}
 k - a potion of mutation {unknown}
 m - a potion of lignification {unknown}
 o - a potion of magic {unknown}
Comestibles
 f - 5 rations
 w - 2 chunks of flesh


   Skills:
 + Level 5.5 Fighting
 + Level 4.6 Long Blades
 + Level 5.3 Armour
 + Level 1.0 Dodging
 + Level 0.1 Stealth
 + Level 5.1 Shields


You had 5 spell levels left.
You didn't know any spells.
Your spell library was empty.

Dungeon Overview and Level Annotations

Branches:
Dungeon (4/15)
 Temple: D:4-7

Altars:
Ashenzari
Fedhas
Qazlal
Uskayaw
Zin

Shops:
D:3 *

Annotations:
D:4 1 runed translucent door, KamiKatze's ghost, amateur HOFi


Innate Abilities, Weirdness & Mutations

You reflexively headbutt those who attack you in melee.
You have a pair of horns on your head.


Message History

You hit the adder.
You kill the adder!
The ogre hits you with a +0 giant club!!
Unknown command.
Your shield and chain mail prevent you from hitting the ogre.
The ogre barely misses you. You furiously retaliate!
You headbutt the ogre. You slash the ogre!
The ogre is moderately wounded.
You block the ogre's attack.
You hit the ogre. Your headbutt misses the ogre.
The ogre is heavily wounded.
The ogre hits you with a +0 giant club!!
* * * LOW HITPOINT WARNING * * *
You barely miss the ogre.
The ogre is heavily wounded.
You block the ogre's attack.
Your shield and chain mail prevent you from hitting the ogre.
The ogre is heavily wounded.
The ogre hits you with a +0 giant club!!
You die...

#.(.....# ...
##.......#########.#
##.................#
...................#
...##.#.#.........##
.#.##.#.#.....>...#
..)...#.#..#.###.##
.#......#.##.#...###..#
.#..............@O...#
.#.##.......###.....##
...# #.#...# ..$###.#
..####.....##... ...
...........##... ###
.#...[†..# .....
.........##.....
................
...........##.


You could see an ogre.

Vanquished Creatures
  A scorpion (D:4)
  A centaur skeleton (D:4)
  An orc priest (D:4)
  An orc wizard (D:4)
  3 worker ants (D:4)
  A hound zombie (D:4)
  8 adders
  2 oozes
  An adder skeleton (D:4)
  A worm (D:3)
  A dart slug (D:1)
  3 leopard geckos
  5 orcs
  5 bats
  3 giant cockroaches
  8 hobgoblins
  6 jackals
  7 kobolds
  A quokka (D:2)
  5 frilled lizards
  9 goblins
  A leopard gecko skeleton (D:4)
  7 rats
  2 fungi (D:2)
83 creatures vanquished.

Notes
Turn   | Place    | Note
-------+----------+-------------------------------------------
     0 | D:1      | Peloso the Minotaur Fighter began the quest for the Orb.
     0 | D:1      | Reached XP level 1. HP: 19/19 MP: 0/0
    87 | D:1      | Reached XP level 2. HP: 20/27 MP: 1/1
   530 | D:1      | Reached XP level 3. HP: 31/33 MP: 2/2
  1745 | D:2      | Found a blossoming altar of Fedhas.
  1769 | D:2      | Found a stormy altar of Qazlal.
  1786 | D:2      | Reached XP level 4. HP: 41/41 MP: 3/3
  1908 | D:2      | Found a hide-covered altar of Uskayaw.
  2213 | D:3      | Found Zin's Purification Station.
  2214 | D:3      | Found a glowing silver altar of Zin.
  2264 | D:3      | Found a shattered altar of Ashenzari.
  2810 | D:4      | Reached XP level 5. HP: 21/47 MP: 4/4
  3058 | D:4      | Reached skill level 5 in Armour
  3058 | D:4      | Reached skill level 1 in Dodging
  3063 | D:4      | Reached skill level 5 in Shields
  3063 | D:4      | Reached XP level 6. HP: 28/55 MP: 5/5
  3064 | D:4      | Reached skill level 5 in Fighting
  3360 | D:4      | Found a runed translucent door.
  3362 | D:4      | Noticed KamiKatze's ghost (amateur HOFi)
  3504 | D:4      | Mangled by an ogre

Skill      XL: |  1  2  3  4  5  6 |
---------------+-------------------+-----
Shields        | 4 5 |  5.1
Armour         | 4 5 |  5.3
Fighting       | 4 5 |  5.5
Long Blades    | 3 4 |  4.6
Dodging        | 1 |  1.0
Stealth        | |  0.1

Action                   |  1- 3 |  4- 6 || total
-------------------------+-------+-------++-------
Melee: Long sword        |   114 |   139 ||   253
       Headbutt          |    22 |    21 ||    43
  Eat: Ration            |     1 |       ||     1
       Chunk             |       |     5 ||     5
Armor: Scale mail        |    14 |       ||    14
       Chain mail        |    34 |    98 ||   132
Dodge: Dodged            |    17 |    43 ||    60
Block: Shield            |    53 |    84 ||   137
       Rpst.: Long sword |     3 |    12 ||    15
